Map: Deathaura LE

Players

HeroMarine - Winner!

  • Race: Terran Terran
  • Spawn Location: 11:00

Bunny

  • Race: Terran Terran
  • Spawn Location: 5:00

Event: War Chest Team League

VOD

Have the link to the VOD?

Description

Time

  • Played on: July 31, 2020, 11:50 a.m.
  • Length: 14:40
Show
View Real Time Build Order
Export as new Build Order

HeroMarine Terran - Winner!

Build Orders: Cyclone Opening 

Get SALT Encoding   

  12  0:00  SCV  
  13  0:12  SCV  
  14  0:17  Supply Depot  
  14  0:25  SCV  
  15  0:29  Refinery  
  15  0:38  SCV  
  16  0:43  Barracks  
  16  0:50  SCV  
  16  0:56  Refinery  
  17  1:03  SCV  
  18  1:15  SCV  
  19  1:30  Reaper, Orbital Command  
  20  1:34  Factory  
  20  1:42  Supply Depot  
  20  1:56  SCV  
  21  2:02  Reaper  
  21  2:08  SCV  
  23  2:18  Hellion  
  23  2:20  SCV  
  26  2:25  Command Center  
  26  2:32  SCV  
  26  2:35  Barracks Reactor, Supply Depot  
  27  2:40  Factory Tech Lab  
  27  2:44  SCV  
  28  2:56  SCV  
  29  2:58  Cyclone  
  29  3:01  Starport  
  32  3:08  SCV  
  33  3:13  Marine x2  
  35  3:21  SCV  
  35  3:23  Refinery  
  36  3:30  Siege Tank  
  39  3:36  SCV  
  39  3:41  Orbital Command  
  40  3:42  Medivac  
  40  3:44  Marine x2  
  44  3:49  SCV  
  45  3:58  Supply Depot  
  45  4:01  SCV, Marine  
  45  4:02  Marine  
  48  4:07  SCV  
  49  4:11  Factory Tech Lab  
  49  4:14  SCV  
  50  4:19  SCV, Raven  
  50  4:21  Marine x2  
  55  4:26  SCV  
  55  4:31  SCV, Siege Tank  
  60  4:40  SCV  
  60  4:43  SCV  
  60  4:44  Marine x2  
  60  4:52  SCV  
  60  4:53  Command Center  
  60  4:55  SCV  
  60  4:58  Supply Depot  
  60  4:59  Supply Depot  
  61  5:02  Marine  
  62  5:13  Refinery  
  62  5:19  Raven, Marine  
  62  5:20  SCV x2, Siege Tank  
  62  5:21  Marine  
  71  5:32  SCV x2  
  73  5:37  Marine  
  73  5:40  Marine  
  71  5:44  SCV x2  
  71  5:49  Engineering Bay  
  71  5:50  Engineering Bay  
  71  5:52  Siege Tank  
  71  5:56  SCV x2  
  76  6:07  Orbital Command  
  76  6:08  SCV x2  
  76  6:10  Stimpack  
  78  6:13  Viking x2  
  78  6:17  Barracks  
  78  6:18  Barracks  
  82  6:19  Terran Infantry Weapons Level 1  
  82  6:20  SCV x2, Terran Infantry Armor Level 1  
  84  6:26  Marine, Siege Tank  
  84  6:32  SCV x2  
  90  6:33  SCV  
  90  6:34  Supply Depot  
  91  6:43  Viking  
  91  6:46  Supply Depot  
  93  6:55  Viking, SCV x3  
  91  7:07  SCV x3  
  91  7:08  Siege Tank  
  85  7:12  Barracks Reactor  
  85  7:13  Viking  
  85  7:15  Barracks Reactor  
  81  7:17  Refinery  
  81  7:18  Barracks x2  
  81  7:19  SCV x3, Refinery  
  81  7:21  Marine  
  85  7:25  Viking, Supply Depot  
  85  7:26  Supply Depot  
  87  7:31  SCV x3  
  90  7:39  Marauder  
  90  7:43  SCV, Siege Tank  
  90  7:44  SCV x2  
  100  7:49  Combat Shield, Marine x2  
  100  7:50  Supply Depot, Command Center  
  102  7:52  Marine  
  102  7:53  Marine  
  102  7:56  SCV x3, Armory  
  107  8:02  Medivac x2  
  107  8:05  Barracks Tech Lab x2  
  109  8:07  Marauder, Marine x2  
  109  8:10  Marine x2  
  115  8:16  Supply Depot  
  115  8:17  Supply Depot, Siege Tank  
  118  8:20  SCV  
  118  8:21  SCV x2  
  118  8:23  Concussive Shells  
  118  8:24  Marauder x2  
  118  8:26  Marine x2  
  127  8:28  Marauder, Marine x2  
  127  8:33  Viking x2  
  132  8:34  SCV  
  132  8:36  SCV  
  133  8:42  Supply Depot  
  133  8:45  Marauder  
  133  8:46  Terran Infantry Weapons Level 2  
  133  8:47  Terran Ship Weapons Level 1  
  135  8:48  Marine  
  135  8:49  Marauder  
  135  8:50  Marauder  
  135  8:53  Marine x2  
  135  8:54  Missile Turret  
  142  8:56  Supply Depot, Marine  
  143  9:03  SCV x2  
  143  9:04  SCV  
  143  9:06  Medivac x2  
  143  9:08  Marauder  
  143  9:09  Marine  
  153  9:10  Marauder, Marine  
  153  9:11  Marauder  
  153  9:13  Marine  
  153  9:14  Marine  
  160  9:22  SCV x3  
  163  9:26  Starport x2  
  163  9:28  Marine x2  
  163  9:29  Marauder  
  169  9:31  Marauder, Marine  
  169  9:33  Marauder  
  169  9:35  Planetary Fortress  
  172  9:42  SCV  
  172  9:43  SCV x2  
  174  9:48  Viking x2  
  174  9:49  Refinery x2  
  174  9:51  Marine  
  174  9:52  Marauder, Marine  
  173  9:53  Marauder  
  173  9:54  SCV, Marauder  
  173  9:57  Siege Tank  
  173  9:58  Marine x2  
  162  10:09  Starport Reactor, Marine x2  
  162  10:10  Starport Reactor  
  162  10:13  Marauder  
  168  10:14  Marauder, Command Center  
  168  10:15  Marine  
  168  10:20  Fusion Core  
  169  10:23  Marine x2  
  169  10:26  Barracks  
  169  10:27  Marine, Barracks  
  172  10:32  Supply Depot  
  172  10:34  Supply Depot, Marauder  
  170  10:51  Marauder x2, Marine x4  
  170  10:54  Medivac x3, Siege Tank  
  182  10:59  Marauder  
  176  11:09  Marine x4  
  171  11:12  Viking  
  171  11:13  Viking x2, Marauder x2  
  171  11:14  Terran Infantry Weapons Level 3  
  163  11:21  Marauder  
  153  11:26  Marine, Barracks Tech Lab x2  
  153  11:27  Marine x3, Siege Tank  
  153  11:31  Medivac x2  
  153  11:32  SCV x2  
  157  11:33  SCV  
  157  11:34  Marauder x2  
  157  11:37  Viking  
  162  11:41  Advanced Ballistics  
  162  11:42  Marauder  
  162  11:43  SCV  
  162  11:44  SCV x2, Marine x2  
  162  11:45  Marine  
  170  11:47  Marauder x2, Marine  
  170  11:50  Missile Turret  
  170  11:54  Viking x2  
  177  11:55  Marine  
  177  11:58  Refinery  
  177  11:59  Marauder, Siege Tank  
  177  12:00  Refinery  
  185  12:02  Terran Infantry Armor Level 2  
  185  12:03  Marauder  
  187  12:09  Marauder  
  189  12:16  Planetary Fortress  
  189  12:19  Marine x3  
  189  12:20  Marauder x2, Marine  
  189  12:22  Marauder  
  199  12:24  Terran Ship Weapons Level 2, Marine  
  200  12:33  Command Center  
  200  12:34  Command Center  
  200  12:42  Marauder, Marine x2  
  200  12:43  Marauder  
  188  12:45  Liberator x4  
  188  12:49  Viking  
  192  12:51  Viking  
  192  12:54  Marauder  
  192  12:55  Marauder x2  
  198  13:05  Command Center  
  198  13:09  Marauder  
  200  13:25  Sensor Tower  
  198  13:35  Marauder x2, Marine  
  198  13:37  Marine x3  
  198  13:38  Marauder x2  
  198  13:40  Liberator x2  
  198  13:41  Siege Tank  
  170  13:42  Marauder  
  164  13:49  Liberator  
  164  13:52  Marine  
  164  13:54  Medivac  
  164  13:55  Medivac x2, Marine x3  
  176  13:56  Marauder x2  
  176  13:59  Marauder x2  
  185  14:03  Marauder  
  187  14:10  Marine  
  187  14:12  Marine  
  187  14:13  Marine x2  
  190  14:18  Marauder x2  
Show
View Real Time Build Order
Export as new Build Order

Bunny Terran 

Build Orders: Reaper Expand, Mech 

Get SALT Encoding   

  12  0:01  SCV  
  13  0:13  SCV  
  14  0:17  Supply Depot  
  14  0:25  SCV  
  15  0:38  SCV  
  15  0:40  Barracks  
  16  0:43  Refinery  
  16  0:50  SCV  
  17  1:02  SCV  
  18  1:14  SCV  
  19  1:28  Reaper, Orbital Command  
  20  1:40  Command Center  
  20  1:54  SCV  
  20  1:59  Supply Depot  
  20  2:00  Marine  
  22  2:06  SCV  
  23  2:09  Factory  
  23  2:16  Refinery  
  23  2:20  Barracks Reactor  
  23  2:21  SCV  
  24  2:25  Bunker  
  24  2:33  SCV  
  25  2:45  SCV  
  26  2:52  Orbital Command  
  26  2:53  Hellion  
  26  2:57  SCV  
  29  2:59  Starport  
  29  3:03  Marine  
  30  3:06  Marine  
  31  3:13  SCV  
  31  3:15  Factory Tech Lab  
  31  3:19  SCV  
  33  3:24  Marine x2  
  35  3:28  SCV  
  35  3:32  SCV, Refinery  
  37  3:35  Starport Tech Lab  
  37  3:38  Cyclone  
  37  3:40  Supply Depot  
  40  3:43  SCV  
  40  3:44  SCV  
  40  3:48  Marine x2  
  44  3:55  SCV  
  44  3:56  SCV  
  44  4:00  Supply Depot  
  44  4:01  Raven  
  47  4:07  SCV  
  47  4:08  SCV  
  49  4:16  Command Center  
  49  4:19  SCV  
  49  4:20  SCV  
  49  4:24  Refinery  
  51  4:27  Siege Tank  
  51  4:30  Supply Depot  
  54  4:32  SCV  
  54  4:33  SCV  
  54  4:36  Marine x2  
  58  4:45  Raven  
  56  4:50  SCV x2  
  53  4:54  Marine x2  
  53  4:59  Supply Depot, Siege Tank  
  58  5:08  SCV  
  58  5:09  SCV  
  58  5:13  Supply Depot  
  60  5:14  Marine x2  
  60  5:21  SCV x2  
  64  5:25  Supply Depot  
  64  5:28  Orbital Command  
  59  5:43  Siege Tank  
  59  5:44  Viking x2  
  59  5:46  SCV x2  
  68  5:56  Factory  
  68  5:57  Factory  
  68  6:00  Orbital Command  
  68  6:02  SCV x2  
  70  6:08  Factory  
  69  6:12  Armory  
  69  6:13  Barracks Reactor, Engineering Bay  
  69  6:15  Siege Tank  
  69  6:17  Viking  
  74  6:19  SCV x2  
  74  6:23  Viking  
  78  6:27  SCV  
  78  6:31  SCV x2, Command Center  
  81  6:40  SCV  
  81  6:43  SCV x2, Siege Tank  
  86  6:47  Refinery x2  
  86  6:49  Sensor Tower  
  86  6:51  Supply Depot  
  86  6:53  Siege Tank  
  89  7:01  SCV x3  
  88  7:08  Medivac  
  83  7:09  Hellbat  
  83  7:10  Hellbat  
  83  7:13  SCV x3  
  83  7:14  Medivac  
  91  7:24  Terran Vehicle Weapons Level 1, Missile Turret  
  91  7:25  SCV x3  
  94  7:31  Hellion x2, Hellbat x2  
  94  7:34  Factory  
  94  7:35  Factory  
  102  7:37  SCV x3  
  102  7:40  Supply Depot  
  105  7:44  Orbital Command  
  105  7:48  Infernal Pre-Igniter  
  105  7:51  SCV x2  
  105  7:52  SCV, Hellion x2, Hellbat  
  105  7:53  Viking  
  105  7:54  Viking  
  118  8:03  SCV x2  
  120  8:05  Command Center  
  120  8:08  Armory  
  120  8:12  Siege Tank  
  123  8:13  Siege Tank  
  123  8:18  Supply Depot  
  123  8:19  Supply Depot, Factory Tech Lab  
  126  8:20  Factory Reactor  
  126  8:23  Missile Turret  
  126  8:24  Hellbat  
  126  8:25  Missile Turret  
  128  8:28  Hellbat  
  130  8:38  Viking x2  
  130  8:40  Hellion  
  128  8:42  Starport  
  128  8:46  Hellbat, Siege Tank  
  133  8:48  SCV x2  
  133  8:49  SCV x2, Hellbat  
  139  8:55  Supply Depot  
  139  8:57  Supply Depot  
  139  8:58  Supply Depot  
  139  9:02  Siege Tank x2  
  141  9:04  Hellbat x2  
  141  9:08  Viking  
  147  9:12  Supply Depot  
  147  9:13  Supply Depot  
  147  9:14  Supply Depot  
  147  9:17  Viking, Terran Vehicle And Ship Armor Level 1  
  147  9:18  Viking  
  151  9:29  Missile Turret  
  151  9:31  Missile Turret, Thor  
  151  9:33  SCV x3  
  151  9:34  SCV  
  151  9:37  Missile Turret  
  161  9:39  Planetary Fortress  
  152  9:46  Viking  
  152  9:47  Viking  
  152  9:52  Hellbat x4  
  149  9:53  Hellbat  
  149  9:54  Hellbat  
  149  9:59  Missile Turret  
  133  10:00  Missile Turret, Refinery  
  133  10:01  Refinery  
  133  10:02  Viking  
  131  10:09  SCV x2  
  131  10:10  SCV x2  
  131  10:13  Hellbat  
  131  10:14  Terran Vehicle Weapons Level 2, Hellbat  
  137  10:17  Viking  
  139  10:21  SCV, Siege Tank  
  139  10:25  Siege Tank  
  139  10:28  Medivac  
  148  10:29  Hellbat  
  148  10:30  Hellbat  
  148  10:34  Siege Tank  
  155  10:38  Missile Turret  
  155  10:39  Hellbat  
  155  10:40  Hellbat  
  159  10:51  Hellbat  
  145  10:57  Viking  
  145  10:58  Viking x2, Missile Turret  
  145  11:01  Hellbat  
  145  11:03  Hellbat x4  
  129  11:12  Hellbat  
  129  11:15  Hellbat  
  129  11:17  Orbital Command  
  118  11:18  SCV  
  118  11:19  SCV x3  
  118  11:24  Hellbat x2, Siege Tank x2  
  126  11:32  Sensor Tower  
  121  11:33  Siege Tank  
  121  11:36  Medivac x2  
  121  11:37  Hellbat  
  128  11:41  Medivac  
  128  11:46  Hellbat x2  
  134  11:53  SCV x3  
  134  11:54  SCV x2  
  138  12:00  Factory Tech Lab, Siege Tank  
  138  12:01  Refinery x2, Missile Turret  
  144  12:02  Factory Reactor, Missile Turret x2  
  144  12:06  Factory  
  144  12:07  Hellbat x2  
  146  12:12  Factory  
  146  12:19  Medivac  
  148  12:23  Missile Turret  
  148  12:24  Siege Tank  
  148  12:25  Missile Turret  
  148  12:28  Hellbat  
  148  12:29  Hellbat  
  155  12:30  Missile Turret  
  155  12:34  Viking, Missile Turret  
  160  12:41  Siege Tank  
  160  12:44  Thor  
  163  12:46  Hellbat x2  
  163  12:47  Viking  
  167  13:02  Hellbat x3  
  167  13:03  Siege Tank  
  176  13:09  Sensor Tower  
  176  13:11  Viking x2, Missile Turret  
  180  13:17  Hellbat x2  
  184  13:22  Hellbat x2  
  188  13:29  Viking  
  149  13:41  Viking x2  
  149  13:44  SCV x3  
  140  13:56  SCV  
  140  13:57  SCV x2  
Tags
 
Add a new tag
Caveats
  • Supply blocks, unpowered buildings, or Contaminate may cause inaccurate times.
  • Supply counts are checked every 10 seconds.